 Dungeon Crawl Stone Soup version bcrawl-1.21.3 (webtiles) character file.

Game seed: 6767751221370530612

88 funkygono the Conjurer (level 4, 0/27 HPs)
             Began as a Fairy Conjurer on Apr 5, 2020.
             Killed by divine providence
             ... invoked by an orc priest
              (11 damage)
             ... on level 3 of the Dungeon.
             The game lasted 00:03:48 (1597 turns).

funkygono the Conjurer (Fairy Conjurer)             Turns: 1597, Time: 00:03:49

Health: 0/27       AC:  7    Str:  6    XL:     4   Next: 54%
Magic:  16/20      EV: 16    Int: 20    God:
Gold:   132        SH:  4    Dex: 12    Spells: 4/10 levels left

rFire    . . .     SeeInvis .   n - +0 dagger (drain)
rCold    . . .     Gourm    .   (shield restricted)
rNeg     . . .     Faith    .   (armour unavailable)
rPois    .         Spirit   .   l - +0 helmet
rElec    .         Reflect  .   (no cloak)
rCorr    .         Harm     .   (no gloves)
MR       .....                  (no boots)
Stlth    +.........             (no amulet)
HPRegen  0.09/turn              g - +2 ring of protection
MPRegen  0.17/turn              h - ring of magical power

@: flying evasively
A: small, magic attunement, unstealthy, unfitting armour, able to fly, AC/SH +4
a: Stop Flying


You were on level 3 of the Dungeon.
You were not hungry.

You visited 1 branch of the dungeon, and saw 3 of its levels.

You collected 132 gold pieces.

Inventory:

Hand Weapons
 n - a +0 dagger of draining (weapon)
Armour
 l - a +0 helmet (worn)
Jewellery
 g - a +2 ring of protection (left hand)
 h - a ring of magical power (right hand)
Scrolls
 j - a scroll of remove curse
Potions
 b - a potion of magic
 c - a potion of brilliance {unknown}
 d - 2 potions of ambrosia
 f - 2 potions of cancellation {unknown}
 i - a potion of heal wounds {unknown}
 k - a potion of curing {unknown}
 m - 2 potions of invisibility {unknown}
Comestibles
 a - 7 chunks of flesh
 e - 4 rations {!d}


   Skills:
 + Level 2.9 Dodging
 + Level 1.7 Stealth
 + Level 3.6 Spellcasting
 + Level 6.4 Conjurations


You had 4 spell levels left.
You knew the following spells:

 Your Spells              Type           Power        Failure   Level  Hunger
a - Magic Dart            Conj           ####         1%          1    None
b - Searing Ray           Conj           ####....     1%          2    None
c - Iskenderun's Mystic   Conj           ####....     3%          3    None

Your spell library contained the following spells:

 Spells                   Type           Power        Failure   Level  Hunger
 Fulminant Prism          Conj/Hex       ###.......   34%         4    None
 Irradiate                Conj/Tmut      ###.......   69%         5    None


Dungeon Overview and Level Annotations

Branches:
Dungeon (3/12)

Altars:
Yredelemnul


Innate Abilities, Weirdness & Mutations

Your spells do not cause hunger and MP costs are reduced by 1.
Your bright wings attract enemies. (Stealth-)
You cannot fit into any form of body armour.
Your shimmering scales are hard and can block incoming attacks. (AC +4, SH +4)
You are small and have problems with some larger weapons.
You can fly continuously.


Message History

An orc priest comes into view. It is wielding a +0 falchion.
An orc comes into view. It is wielding a +0 trident.
Casting: Iskenderun's Mystic Blast (safe; 3% risk of failure)
Confirm with . or Enter, or press ? or * to list all spells.
Okay, then.
An orc priest comes into view. It is wielding a +0 short sword.
The orc priest shouts!
The orc priest calls down the wrath of Beogh upon you.
Beogh smites you!
Ouch! That really hurt!
Casting: Iskenderun's Mystic Blast (safe; 3% risk of failure)
Confirm with . or Enter, or press ? or * to list all spells.
Aiming: Iskenderun's Mystic Blast (safe; 3% risk of failure)
Press: ? - help, Shift-Dir - straight line, f - orc
Aim: an orc, wielding a +0 trident The orb of energy misses the orc.
The orb of energy hits the orc priest.
The orc priest is heavily wounded.
The orc priest invokes the aid of Beogh against you.
Beogh smites you!
You die...

######### ####
#####.......# #!.
............# #.#
.####....(..###.####
.##.............@..#
.##.#>......###.##.#
.##.#.......# #.# ..
.....(......# #..


oo. ##..........# #### #oo #...######## # #.### ######### #.# #.......##. #.#
#.......#.. You could see 2 orc priests and 2 orcs.

Vanquished Creatures
  A crimson imp (D:2)
  A worm (D:2)
  2 dart slugs
  3 leopard geckos
  2 orcs
  2 giant cockroaches
  6 goblins
  5 hobgoblins
  A jackal (D:2)
  5 kobolds
  2 quokkas (D:2)
  A ball python (D:1)
  2 bats (D:2)
  3 frilled lizards
  4 rats
40 creatures vanquished.

Notes
Turn   | Place    | Note
-------+----------+-------------------------------------------
     0 | D:1      | funkygono the Fairy Conjurer began the quest for the Orb.
     0 | D:1      | Reached XP level 1. HP: 11/11 MP: 6/6
    40 | D:1      | Reached skill level 5 in Conjurations
   235 | D:1      | Reached XP level 2. HP: 17/17 MP: 7/7
   373 | D:1      | Learned a level 2 spell: Searing Ray
   715 | D:2      | Noticed a crimson imp
   723 | D:2      | Killed a crimson imp
   723 | D:2      | Reached skill level 6 in Conjurations
   723 | D:2      | Reached XP level 3. HP: 21/21 MP: 9/9
   723 | D:2      | Reached XP level 4. HP: 27/27 MP: 11/11
   732 | D:2      | Learned a level 3 spell: Iskenderun's Mystic Blast
   816 | D:2      | Found a basalt altar of Yredelemnul.
  1597 | D:3      | Killed from afar by an orc priest

Skill      XL: |  1  2 |
---------------+-------+-----
Conjurations   | 5 6 |  6.4
Spellcasting   | 3 |  3.6
Dodging        | |  2.9
Stealth        | |  1.7

Action                   |  1- 3 |  4- 6 || total
-------------------------+-------+-------++-------
 Cast: Magic Dart        |    39 |    38 ||    77
       Searing Ray       |     1 |     2 ||     3
       Iskenderun's Myst |       |     2 ||     2
  Use: Scroll            |     4 |     1 ||     5
  Eat: Ration            |       |     1 ||     1
       Chunk             |       |     1 ||     1
Armor: Skin              |     1 |     1 ||     2
Dodge: Dodged            |     2 |     6 ||     8
Block: Other             |       |     1 ||     1
